 Dungeon Crawl Stone Soup version 0.30.0-5-g1a98f26d00 (webtiles) character file.

Game seed: 13448938501476929806

72 NinjaNoafa the Firebug (level 4, 0/21 HPs)
             Began as a Vine Stalker Fire Elementalist on May 10, 2023.
             Slain by an orc
             ... wielding a +0 club
              (2 damage)
             ... on level 3 of the Dungeon.
             The game lasted 00:04:35 (1433 turns).

NinjaNoafa the Firebug (VSFE)                       Turns: 1433, Time: 00:04:36

Health: 0/21       AC:  3    Str: 10    XL:     4   Next: 26%
Magic:  0/8        EV: 12    Int: 17    God:
Gold:   95         SH:  0    Dex: 15    Spells: 4/7 levels left

rFire   . . .        b - +0 short sword
rCold   . . .        (no shield)
rNeg    . . .        e - +0 robe
rPois   .            (no helmet)
rElec   .            h - +0 cloak
rCorr   .            (no gloves)
SInv    .            (no boots)
Will    .....        (no amulet)
Stlth   ++           (no ring)
HPRegen 1.03/turn    (no ring)
MPRegen 0.11/turn

%: guardian spirit
@: no status effects
A: fangs 2, regeneration 1, magic shield, antimagic bite, no potion heal 2
a: no special abilities


You were on level 3 of the Dungeon.
You visited 1 branch of the dungeon, and saw 3 of its levels.

You collected 95 gold pieces.

Inventory:

Hand Weapons
 b - a +0 short sword (weapon)
Missiles
 p - 8 poisoned darts
Armour
 e - a +0 robe (worn)
 h - a +0 cloak (worn)
Magical Staves
 a - a staff of cold
Wands
 r - a wand of polymorph (4)
Scrolls
 d - a scroll of fear {unknown}
 f - 3 scrolls of identify {unknown}
 g - a scroll of silence {unknown}
 l - a scroll of teleportation {unknown}
 n - 2 scrolls of blinking {unknown}
 o - a scroll of vulnerability {unknown}
Potions
 c - 3 potions of curing {unknown}
 i - 3 potions of might {unknown}
 j - a potion of magic
 k - a potion of attraction {unknown}
 m - 2 potions of invisibility {unknown}
 q - a potion of mutation {unknown}
 s - a potion of degeneration {unknown}
 t - a potion of ambrosia {unknown}


   Skills:
 - Level 1.5 Dodging
 - Level 2.4 Stealth
 - Level 2.1 Spellcasting
 + Level 2.8 Conjurations
 + Level 4.1 Fire Magic


You had 4 spell levels left.
You knew the following spells:

 Your Spells              Type           Power      Damage    Failure   Level
a - Foxfire               Conj/Fire      52%        2x1d6     4%          1
b - Scorch                Fire           30%        2d6       5%          2

Your spell library contained the following spells:

 Spells                   Type           Power      Damage    Failure   Level
 Inner Flame              Hex/Fire       8%         N/A       24%         3
 Volatile Blastmotes      Fire/Tloc      16%        2d11      24%         3
 Ensorcelled Hibernation  Hex/Ice        2%         N/A       28%         2
 Passwall                 Tmut/Erth      0%         N/A       28%         2
 Flame Wave               Conj/Fire      13%        2d6       41%         4
 Gell's Gravitas          Tloc           1%         N/A       50%         3
 Swiftness                Air            1%         N/A       50%         3
 Teleport Other           Tloc           1%         N/A       50%         3
 Petrify                  Tmut/Erth      1%         N/A       88%         4
 Metabolic Englaciation   Hex/Ice        0%         N/A       99%         5
 Dispersal                Tloc           0%         N/A       100%        6
 Statue Form              Tmut/Erth      0%         N/A       100%        6


Dungeon Overview and Level Annotations

Branches:
Dungeon (3/15) Zot: 16570

Altars:
Yredelemnul

Shops:
D:2 :


Innate Abilities, Weirdness & Mutations

You have extremely sharp teeth.
Your natural rate of healing is unusually fast.
When hurt, damage is shared between your health and your magic reserves.
Your bite disrupts and absorbs the magic of your enemies.
Potions cannot restore your health.


Message History

Nothing appears to happen.
The orc hits you with a +0 hand axe of electrocution.
An orc comes into view. It is wielding a +0 mace.
An orc comes into view. It is wielding a +0 short sword.
You conjure some foxfire!
The orc shouts!
The foxfire hits the orc.
The orc is heavily wounded.
The orc hits you with a +0 hand axe of electrocution.
You are electrocuted!
Ouch! That really hurt!
* * * LOW HITPOINT WARNING * * *
The orc barely misses your foxfire. The orc attacks as you move away!
The orc closely misses you.
The orc hits your foxfire with a +0 hand axe of electrocution.
The foxfire hits the orc but does no damage.
The orc is severely wounded.
The orc attacks as you move away! The orc closely misses you.
The orc attacks as you move away!
The orc hits you with a +0 hand axe of electrocution.
* * * LOW HITPOINT WARNING * * *
Your magical contamination has completely faded away.
b - a +0 short sword (weapon)
You hit the orc but do no damage. You bite the orc, but do no damage.
The orc is severely wounded.
The orc barely misses you.
Welcome back, NinjaNoafa the Vine Stalker Fire Elementalist.
Press ? for a list of commands and other information.
Found 7 stones.
The orc hits you with a +0 hand axe of electrocution.
* * * LOW HITPOINT WARNING * * *
The orc closely misses you.
Unknown command.
Unknown command.
You closely miss the orc.
The orc is severely wounded.
The orc hits you with a +0 hand axe of electrocution.
* * * LOW HITPOINT WARNING * * *
The orc hits you with a +0 club.
You die...

.........(..............
#.#........................
#..........................
#.........................
#.........................
.##................P.P......
...)................_.......
#..........).............


You could see 5 orcs.

Vanquished Creatures
  3 adders (D:2)
  3 dart slugs
  4 orcs (D:3)
  3 endoplasms
  A giant cockroach (D:1)
  4 goblins
  4 hobgoblins
  4 kobolds
  A quokka (D:3)
  2 bats (D:2)
  A frilled lizard (D:2)
  4 rats
34 creatures vanquished.

Vanquished Creatures (others)
  101 foxfires
101 creatures vanquished.

Grand Total: 135 creatures vanquished

Notes
Turn   | Place    | Note
-------+----------+-------------------------------------------
     0 | D:1      | NinjaNoafa the Vine Stalker Fire Elementalist began the
                  | quest for the Orb.
     0 | D:1      | Reached XP level 1. HP: 9/9 MP: 4/4
   167 | D:1      | Reached XP level 2. HP: 13/13 MP: 0/6
   186 | D:1      | Learned a level 2 spell: Scorch
   720 | D:2      | Reached XP level 3. HP: 14/16 MP: 5/7
  1003 | D:2      | Identified the +8 mace of Crusades {freeze, *Slow Int+3
                  | Dex+5}
  1004 | D:2      | Found Irghaygu's Vocational Training.
  1118 | D:2      | Gained mutation: Your natural rate of healing is unusually
                  | fast. [Vine Stalker growth]
  1118 | D:2      | Reached XP level 4. HP: 21/21 MP: 4/8
  1129 | D:2      | Reached skill level 4 in Fire Magic
  1291 | D:3      | Found a basalt altar of Yredelemnul.
  1433 | D:3      | Slain by an orc

Illustrated notes

Levels and vault maps discovered:
D:1:      psy_arrival_whirlpool, layout_basic
D:2:      layout_loops_ring, nicolae_shop_vocational
D:3:      layout_basic, yredelemnul_altar_generic, slow_altar_1,
          hellmonk_ecumenical_altar_pennies_from_heaven

Skill      XL: |  1  2  3  4 |
---------------+-------------+-----
Conjurations   | 2 |  2.8
Fire Magic     | 4 |  4.1
Dodging        | |  1.5
Stealth        | |  2.4
Spellcasting   | |  2.1

Action                     |  1- 3 |  4- 6 || total
---------------------------+-------+-------++-------
  Melee: Dagger            |    12 |       ||    12
         Bite              |     4 |     1 ||     5
         Short sword       |       |     2 ||     2
         Staff             |       |     2 ||     2
   Cast: Foxfire           |    41 |    18 ||    59
         Scorch            |     2 |     1 ||     3
   Stab: Sleeping          |     1 |       ||     1
 Armour: Robe              |     7 |     4 ||    11
  Dodge: Dodged            |    21 |    15 ||    36
